 Dungeon Crawl Stone Soup version bcrawl-1.27.3 (webtiles) character file.

Game seed: 1278465614790951658

534203 Illumine the Nimble (level 12, -4/81 HPs)
             Began as a Fairy Air Elementalist on July 29, 2020.
             Was an Elder of Vehumet.
             Splashed by a brown ugly thing's acid (11 damage)
             ... on level 11 of the Dungeon.
             The game lasted 00:40:39 (10186 turns).

Illumine the Nimble (Fairy Air Elementalist)       Turns: 10186, Time: 00:40:40

Health: -4/81      AC:  9    Str:  6    XL:     12   Next: 98%
Magic:  23/38      EV: 24    Int: 28    God:    Vehumet [****..]
Gold:   1309       SH:  7    Dex: 14    Spells: 4/31 levels left

rFire    + . .     SeeInvis +   v - staff of air
rCold    + . .     Gourm    .   (shield currently unavailable)
rNeg     . . .     Faith    .   (armour unavailable)
rPois    .         Spirit   .   L - +3 hat of Pondering {ponderous, MR+ MP+10 Int+5}
rElec    +         Reflect  .   p - +0 cloak
rCorr    .         Harm     .   O - +0 pair of gloves
MR       +++..                  j - +0 pair of boots
Stlth    +.........             F - amulet of regeneration
HPRegen  0.92/turn              f - ring of protection from magic
MPRegen  0.26/turn              P - ring of Cakorgh {rF+ rC+ SInv}

@: swift, barbed spikes, corroded, flying evasively, quick
A: small, magic attunement, unstealthy, unfitting armour, able to fly, AC/SH +7
a: Stop Flying, Renounce Religion


You were on level 11 of the Dungeon.
You worshipped Vehumet.
Vehumet was greatly pleased with you.
You were not hungry.

You visited 3 branches of the dungeon, and saw 13 of its levels.
You also visited: Ossuary.

You collected 1309 gold pieces.

Inventory:

Hand Weapons
 s - a cursed -1 rapier
Armour
 j - a +0 pair of boots (worn)
 p - a +0 cloak (worn)
 J - a +1 buckler of protection
 L - the +3 hat of Pondering (worn) {ponderous, MR+ MP+10 Int+5}
   (You took it off Gastronok on level 1 of the Lair of Beasts)

   It affects your intelligence (+5).
   It affects your resistance to hostile enchantments.
   It affects your magic capacity (+10).
 O - a +0 pair of gloves (worn)
Magical Staves
 m - an uncursed staff of cold
 v - an uncursed staff of air (weapon)
 K - an uncursed staff of death
Jewellery
 f - a ring of protection from magic (left hand)
 q - the amulet of Rigami {Inacc *Corrode +Blink MR++ Str-5}
   (You found it on level 3 of the Dungeon)

   [amulet of inaccuracy]

   It reduces the accuracy of all your attacks.
   It affects your strength (-5).
   It affects your resistance to hostile enchantments.
   It lets you blink.
   It may corrode you when you take damage.
 u - the amulet "Naofowit" {Inacc Stlth+}
   (You found it on level 4 of the Dungeon)

   [amulet of inaccuracy]

   It reduces the accuracy of all your attacks.
   It makes you more stealthy.
 w - an uncursed ring of fire
 z - an uncursed ring of protection from fire
 B - an uncursed ring of resist corrosion
 F - an amulet of regeneration (around neck)
 P - the ring of Cakorgh (right hand) {rF+ rC+ SInv}
   (You found it on level 11 of the Dungeon)

   [ring of see invisible]

   It protects you from fire.
   It protects you from cold.
   It lets you see invisible.
Wands
 t - a wand of polymorph (13)
 y - a wand of flame (33)
 C - a wand of paralysis (14)
 D - a wand of random effects (8)
Scrolls
 g - 12 scrolls of teleportation
 h - 5 scrolls of remove curse
 k - 2 scrolls of identify
 l - 3 scrolls of amnesia
 o - 3 scrolls of immolation
 I - a scroll of enchant armour {unknown}
 M - a scroll of torment {unknown}
Potions
 a - 3 potions of lignification
 c - 2 potions of berserk rage
 d - 8 potions of curing
 n - a potion of brilliance {unknown}
 r - a potion of heal wounds
 x - a potion of haste {unknown}
 A - 3 potions of mutation {unknown}
 E - 3 potions of degeneration {unknown}
 G - 2 potions of invisibility
 H - 3 potions of might
Miscellaneous
 i - a phantom mirror
Comestibles
 e - 24 rations {!d}
 N - 3 chunks of flesh


   Skills:
 + Level 7.3 Fighting
 + Level 6.4 Staves
 + Level 11.0 Dodging
 - Level 1.5 Stealth
 + Level 10.1 Spellcasting
 + Level 9.7 Conjurations
 - Level 3.3 Charms
 + Level 3.3 Summonings
 + Level 10.5 Air Magic
 + Level 7.8 Evocations


You had 4 spell levels left.
You knew the following spells:

 Your Spells              Type           Power        Failure   Level  Hunger
a - Shock                 Conj/Air       #####        1%          1    None
b - Swiftness             Chrm/Air       ######..     1%          2    None
c - Static Discharge      Air            #######.     1%          3    None
d - Airstrike             Air            #######...   1%          4    None
e - Lightning Bolt        Conj/Air       #######...   1%          5    None
f - Sting                 Conj/Pois      ####         1%          1    None
g - Ozocubu's Armour      Chrm/Ice       ###.....     6%          3    None
h - Summon Lightning Spi  Summ/Air       ######..     6%          5    None
i - Iskenderun's Mystic   Conj           ######..     1%          3    None

Your spell library contained the following spells:

 Spells                   Type           Power        Failure   Level  Hunger
 Fireball                 Conj/Fire      #####.....   4%          5    None
 Freeze                   Ice            ##....       1%          1    None
 Magic Dart               Conj           ####         1%          1    None
 Summon Small Mammal      Summ           ####         1%          1    None
 Call Imp                 Summ           ####..       1%          2    None
 Throw Frost              Conj/Ice       #####.       1%          2    None
 Conjure Flame            Conj/Fire      #####...     1%          3    None
 Mephitic Cloud           Conj/Pois/Air  ######..     1%          3    None
 Throw Icicle             Conj/Ice       #####...     1%          4    None
 Call Canine Familiar     Summ           ####....     3%          3    None
 Blink                    Tloc           N/A          6%          2    None
 Spider Form              Tmut/Pois      ##.          12%         3    None
 Summon Ice Beast         Ice/Summ       ###.....     21%         4    None
 Ice Form                 Ice/Tmut       ##......     36%         4    None


Dungeon Overview and Level Annotations

Branches:
Dungeon (11/12)            Temple (1/1) D:5            Lair (1/6) D:7
 Vaults (0/3) D:11
    Orc: D:8-11

Altars:
Ashenzari
Cheibriados
Dithmenos
Elyvilon
Fedhas
Gozag
Hepliaklqana
Kikubaaqudgha
Lugonu
Makhleb
Nemelex Xobeh
Okawaru
Qazlal
Ru
Sif Muna
Trog
Uskayaw
Vehumet
Wu Jian
Xom
Yredelemnul
Zin
The Shining One

Shops:
D:11 [

Annotations:
Lair:1 Fannar


Innate Abilities, Weirdness & Mutations

Your spells do not cause hunger and MP costs are reduced by 1.
Your bright wings attract enemies. (Stealth-)
You cannot fit into any form of body armour.
Your shimmering scales are hard and can block incoming attacks. (AC +7, SH +7)
You are small and have problems with some larger weapons.
You can fly continuously.


Message History

Aim: a manticore (almost dead)
The orb of energy hits the manticore!
You kill the manticore!
Vehumet accepts your kill.
You block the brown ugly thing's attack.
No path to travel!
Casting: Iskenderun's Mystic Blast (safe; 1% risk of failure)
Confirm with . or Enter, or press ? or * to list all spells.
Okay, then.
Casting: Iskenderun's Mystic Blast (safe; 1% risk of failure)
Confirm with . or Enter, or press ? or * to list all spells.
Aiming: Iskenderun's Mystic Blast (safe; 1% risk of failure)
Press: ? - help, Shift-Dir - straight line, f - brown ugly thing
Aim: a brown ugly thing (heavily wounded)
The orb of energy hits the brown ugly thing!!
The brown ugly thing is almost dead.
The brown ugly thing bites you!
* * * LOW HITPOINT WARNING * * *
You are splashed with acid!
You die...

.. #...... . #...... ###.
#...## ###...# ####...
#......############## #......
#......'.##.........# #......
#......#............####......
#......####.........##.'......
#...... #.u@......#..#......
#..H... #..8......#.##......
#...... #.........#.##......
####+## #...........####'###
############# ### .


You could see a brown ugly thing and a friendly lightning spire.

Vanquished Creatures
  Gastronok (Lair:1)
  2 death knights (D:10)
  A two-headed ogre (D:7)
  3 skeletal warriors
  An unseen horror (D:11)
  A wolf spider zombie (D:10)
  Pikel (D:4)
  2 phantasmal warriors (D:10)
  A cyclops (D:11)
  A manticore (D:11)
  An ugly thing (D:10)
  Joseph (D:8)
  A komodo dragon (D:7)
  A troll (D:7)
  4 freezing wraiths (D:10)
  A hornet (D:9)
  A spriggan (D:7)
  13 yaks
  Sigmund (D:5)
  Grum (D:9)
  A hungry ghost (D:11)
  An acid dragon (D:11)
  7 orc warriors
  7 ice beasts
  A sky beast (D:11)
  A hornet zombie (D:9)
  A slave (D:4)
  A black bear (D:6)
  An eye of draining (D:10)
  6 phantoms
  2 necrophages
  2 wolves (D:9)
  8 centaurs
  4 ogres
  A big kobold (D:8)
  A bullfrog (D:8)
  A wyvern zombie (D:6)
  2 scorpions
  5 killer bees
  5 wights (D:8)
  2 howler monkeys (D:8)
  4 crimson imps
  2 centaur zombies
  4 hounds
  A human zombie (Ossuary)
  7 orc priests
  A jelly (D:8)
  A bullfrog skeleton (D:5)
  A gnoll shaman (D:8)
  Jessica (D:6)
  6 centaur skeletons
  2 iguanas
  5 orc wizards
  8 worker ants
  5 big kobold zombies (Ossuary)
  2 hound skeletons
  2 mummies (Ossuary)
  16 adders
  6 gnolls
  2 shadow imps
  An adder skeleton (D:6)
  A worm (D:2)
  A dart slug (D:2)
  2 leopard geckos
  38 orcs
  3 bats
  2 giant cockroaches (D:2)
  7 goblins
  7 hobgoblins
  19 jackals
  7 kobolds
  5 quokkas
  A frilled lizard (D:1)
  2 goblin zombies (Ossuary)
  4 hobgoblin zombies (Ossuary)
  A jackal skeleton (D:4)
  2 orc zombies (Ossuary)
  2 quokka skeletons (D:4)
  8 rats
288 creatures vanquished.

Vanquished Creatures (collateral kills)
  A centaur warrior (D:11)
  A skeletal warrior (D:11)
  Maurice (D:10)
  4 yaks
  An orc warrior (D:10)
  3 centaurs (D:11)
  3 wights (D:11)
  12 orcs (D:10)
26 creatures vanquished.

Vanquished Creatures (others)
  A quokka (D:8)
  2 plants
3 creatures vanquished.

Grand Total: 317 creatures vanquished

Notes
Turn   | Place    | Note
-------+----------+-------------------------------------------
     0 | D:1      | Illumine the Fairy Air Elementalist began the quest for the
                  | Orb.
     0 | D:1      | Reached XP level 1. HP: 11/11 MP: 6/6
   149 | D:1      | Reached skill level 3 in Dodging
   149 | D:1      | Reached XP level 2. HP: 17/17 MP: 7/7
   153 | D:1      | Learned a level 2 spell: Swiftness
   517 | D:1      | Reached XP level 3. HP: 21/21 MP: 9/9
  1066 | D:2      | Learned a level 3 spell: Static Discharge
  1786 | D:3      | Reached skill level 1 in Charms
  1786 | D:3      | Reached XP level 4. HP: 21/27 MP: 11/11
  1859 | D:3      | Reached skill level 1 in Fighting
  1915 | D:3      | Learned a level 4 spell: Airstrike
  2007 | D:3      | Got an ancient emerald amulet
  2008 | D:3      | Identified the cursed amulet of Rigami {Inacc *Corrode
                  | +Blink MR++ Str-5} (You found it on level 3 of the Dungeon)
  2050 | D:3      | Reached XP level 5. HP: 33/33 MP: 12/12
  2289 | D:4      | Noticed a phantom
  2318 | D:4      | Reached skill level 4 in Dodging
  2361 | D:4      | Noticed a slave
  2369 | D:4      | Killed a slave
  2371 | D:4      | Noticed a slave
  2404 | D:5      | Entered Level 5 of the Dungeon
  2535 | D:4      | Killed a phantom
  2535 | D:4      | Reached XP level 6. HP: 35/39 MP: 12/14
  2735 | D:4      | Noticed a slave
  2735 | D:4      | Noticed a slave
  2741 | D:4      | Noticed Pikel
  2782 | D:5      | Found a snail-covered altar of Cheibriados.
  2788 | D:5      | Found a blossoming altar of Fedhas.
  2792 | D:5      | Noticed a phantom
  2840 | D:5      | Killed a phantom
  2840 | D:5      | Reached skill level 5 in Air Magic
  2890 | D:5      | Reached XP level 7. HP: 34/45 MP: 15/15
  2929 | D:5      | Found an iron altar of Okawaru.
  2965 | D:5      | Noticed Sigmund
  3063 | D:5      | Reached skill level 5 in Dodging
  3149 | D:4      | Killed Pikel
  3149 | D:4      | Reached skill level 5 in Spellcasting
  3149 | D:4      | Reached XP level 8. HP: 21/52 MP: 13/18
  3279 | D:4      | Got a scorched bronze amulet
  3280 | D:4      | Identified the amulet "Naofowit" {Inacc Stlth+} (You found
                  | it on level 4 of the Dungeon)
  3791 | D:4      | Learned a level 5 spell: Lightning Bolt
  3931 | D:5      | Reached skill level 6 in Dodging
  3947 | D:5      | Reached skill level 1 in Evocations
  3988 | D:5      | Reached skill level 1 in Staves
  3998 | D:5      | Killed Sigmund
  3998 | D:5      | Reached skill level 5 in Conjurations
  4056 | D:5      | Found a staircase to the Ecumenical Temple.
  4097 | Temple   | Entered the Ecumenical Temple
  4308 | D:5      | Found an iron altar of Okawaru.
  4690 | D:6      | Reached XP level 9. HP: 57/57 MP: 18/20
  5024 | D:6      | Noticed Jessica
  5026 | D:6      | Killed Jessica
  5033 | D:6      | Found a shimmering blue altar of Sif Muna.
  5219 | D:7      | Reached skill level 7 in Dodging
  5353 | D:7      | Found a shimmering altar of Xom.
  5420 | D:7      | Found a staircase to the Lair.
  5421 | D:7      | Noticed a komodo dragon
  5451 | D:7      | Killed a komodo dragon
  5640 | D:7      | Noticed a troll
  5694 | D:7      | Killed a troll
  5694 | D:7      | Reached XP level 10. HP: 28/64 MP: 22/22
  5792 | D:7      | Found a bloodstained altar of Trog.
  5850 | D:7      | Noticed a two-headed ogre
  5854 | D:7      | Killed a two-headed ogre
  5854 | D:7      | Reached skill level 8 in Dodging
  5925 | D:7      | Reached skill level 5 in Fighting
  6177 | D:8      | Found a radiant altar of Vehumet.
  6234 | D:8      | Became a worshipper of Vehumet
  6254 | D:8      | Noticed Joseph
  6262 | D:8      | Found a white marble altar of Elyvilon.
  6293 | D:8      | Killed Joseph
  6339 | D:8      | Found a sand-covered staircase.
  6348 | Ossuary  | Entered an ossuary
  6391 | Ossuary  | Reached * piety under Vehumet
  6391 | Ossuary  | Offered knowledge of Sting by Vehumet.
  6404 | Ossuary  | Learned a level 1 spell: Sting
  6436 | Ossuary  | Reached skill level 5 in Evocations
  6650 | D:8      | Found a sacrificial altar of Ru.
  7051 | D:9      | Noticed Grum
  7058 | D:9      | Reached XP level 11. HP: 65/72 MP: 12/25
  7059 | D:9      | Killed Grum
  7059 | D:9      | Reached skill level 9 in Dodging
  7223 | D:9      | Reached ** piety under Vehumet
  7322 | D:9      | Offered knowledge of Searing Ray by Vehumet.
  7395 | D:9      | Found a blossoming altar of Fedhas.
  7920 | D:10     | Entered Level 10 of the Dungeon
  8040 | Lair:1   | Entered Level 1 of the Lair of Beasts
  8055 | Lair:1   | Noticed Gastronok
  8072 | Lair:1   | Killed Gastronok
  8072 | Lair:1   | Reached skill level 5 in Staves
  8113 | Lair:1   | Identified the ring "Wijofoyh" {Ice rN+}
  8113 | Lair:1   | Noticed Fannar
  8202 | D:10     | Found a shattered altar of Ashenzari.
  8255 | D:10     | Noticed a phantasmal warrior
  8316 | D:10     | Noticed a death knight
  8316 | D:10     | Noticed a phantasmal warrior
  8327 | D:10     | Killed a phantasmal warrior
  8332 | D:10     | Killed a phantasmal warrior
  8332 | D:10     | Reached skill level 10 in Dodging
  8352 | D:10     | Killed a death knight
  8352 | D:10     | Reached XP level 12. HP: 32/80 MP: 5/27
  8504 | D:10     | Learned a level 3 spell: Ozocubu's Armour
  8564 | D:10     | Learned a level 5 spell: Summon Lightning Spire
  8668 | D:10     | Noticed Maurice
  8691 | D:10     | Offered knowledge of Iskenderun's Mystic Blast by Vehumet.
  8699 | D:10     | Killed Maurice
  8704 | D:10     | Learned a level 3 spell: Iskenderun's Mystic Blast
  8894 | D:10     | Reached skill level 1 in Summonings
  8946 | D:10     | Noticed a death knight
  8962 | D:10     | Reached skill level 10 in Air Magic
  8963 | D:10     | Killed a death knight
  8964 | D:10     | Reached *** piety under Vehumet
  9160 | D:10     | Offered knowledge of Stone Arrow by Vehumet.
  9460 | D:11     | Noticed a centaur warrior
  9476 | D:11     | Reached **** piety under Vehumet
  9495 | D:11     | Got a smoking amber ring
  9497 | D:11     | Identified the ring of Cakorgh {rF+ rC+ SInv} (You found it
                  | on level 11 of the Dungeon)
  9543 | D:11     | Offered knowledge of Fireball by Vehumet.
  9563 | D:11     | Killed a centaur warrior
  9570 | D:11     | Found Cheibriados's Comfort Zone.
  9571 | D:11     | Found a snail-covered altar of Cheibriados.
  9580 | D:11     | Found a gate to the Vaults.
  9813 | D:11     | Reached skill level 10 in Spellcasting
 10046 | D:11     | Reached skill level 11 in Dodging
 10186 | D:11     | Splashed by a brown ugly thing's acid

Skill      XL: |  1  2  3  4  5  6  7  8  9 10 11 12 |
---------------+-------------------------------------+-----
Dodging        | 3 4 5 6 7 8 10 11 | 11.0
Spellcasting   | 3 4 5 6 7 8 9 10 | 10.1
Air Magic      | 4 5 6 7 8 9 10 | 10.5
Conjurations   | 2 3 4 5 6 7 8 9 |  9.7
Charms         | 1 2 3 |  3.3
Fighting       | 1 2 3 4 5 6 7 |  7.3
Evocations     | 2 3 5 6 7 |  7.8
Staves         | 1 3 4 5 6 |  6.4
Summonings     | 3 |  3.3
Stealth        | |  1.5

Action                   |  1- 3 |  4- 6 |  7- 9 | 10-12 || total
-------------------------+-------+-------+-------+-------++-------
Melee: Unarmed           |     1 |       |       |       ||     1
       Staff             |       |       |     7 |   156 ||   163
 Cast: Shock             |    87 |   136 |   255 |   446 ||   924
       Static Discharge  |       |     3 |     5 |     4 ||    12
       Swiftness         |       |     2 |     1 |     2 ||     5
       Lightning Bolt    |       |       |     1 |    26 ||    27
       Airstrike         |       |       |       |    15 ||    15
       Sting             |       |       |       |    15 ||    15
       Summon Lightning  |       |       |       |    21 ||    21
       Iskenderun's Myst |       |       |       |    10 ||    10
       Ozocubu's Armour  |       |       |       |     1 ||     1
  Use: Scroll            |       |     3 |     3 |     9 ||    15
       Potion            |       |       |       |     1 ||     1
 Stab: Distracted        |       |       |       |     2 ||     2
  Eat: Chunk             |     2 |     4 |     5 |    20 ||    31
       Ration            |       |       |     1 |       ||     1
Armor: Skin              |     4 |     5 |    16 |    57 ||    82
Dodge: Dodged            |    18 |    36 |    86 |   357 ||   497
Block: Other             |     5 |    11 |    23 |   122 ||   161
